 Dungeon Crawl Stone Soup version 0.19.1-28-ge1247f7 (webtiles) character file.

10962 Macro the Blocker (level 12, -2/89 HPs)
             Began as a Halfling Fighter on Jan 21, 2017.
             Was a Priest of Makhleb.
             Slain by an 11-headed hydra (11 damage)
             ... on level 2 of the Lair of Beasts.
             The game lasted 01:32:43 (11096 turns).

Macro the Blocker (Halfling Fighter)               Turns: 11096, Time: 01:32:44

Health: -2/89      AC: 18    Str: 24    XL:     12   Next: 1%
Magic:  12/12      EV: 10    Int:  6    God:    Makhleb [***...]
Gold:   554        SH: 18    Dex: 17    Spells: 0 memorised, 11 levels left

rFire  . . .     SeeInvis .     q - +3 long sword (slice)
rCold  . . .     Gourm    .     R - +0 plate armour
rNeg   . . .     Faith    .     c - +0 shield
rPois  .         Spirit   .     u - +1 helmet "Ixunonen" {Regen+}
rElec  .         Reflect  +     O - +1 cloak
rCorr  +         Harm     .     (no gloves)
MR     .....                    (no boots)
Stlth  ..........               n - +4 amulet of reflection
                                (no ring)
                                V - ring of resist corrosion

@: mighty
A: mutation resistance 1, robust 1
a: Minor Destruction, Lesser Servant of Makhleb, Renounce Religion


You were on level 2 of the Lair of Beasts.
You worshipped Makhleb.
Makhleb was most pleased with you.
You were not hungry.

You visited 3 branches of the dungeon, and saw 13 of its levels.
You also visited: Sewer.

You collected 609 gold pieces.
You spent 55 gold pieces at shops.

Inventory:

Hand Weapons
 q - a +3 long sword of slicing (weapon)
 z - the +10 whip of Propriety {distort, Int+7 Dex-3, unknown}
   (You found it on level 8 of the Dungeon)

   It warps and distorts space around it.
   Unwielding it can cause banishment or high damage.
   It affects your intelligence (+7).
   It affects your dexterity (-3).
 K - a +0 triple crossbow
 S - a +2 dagger
Missiles
 r - 5 poisoned javelins (quivered)
Armour
 c - a +0 shield (worn)
 u - the +1 helmet "Ixunonen" (worn) {Regen+}
   (You took it off Robin on level 2 of the Dungeon)

   It increases your rate of regeneration.
 O - a +1 cloak (worn)
 R - a +0 plate armour (worn)
Jewellery
 m - an uncursed amulet of guardian spirit
 n - a +4 amulet of reflection (around neck)
 J - a +2 amulet of reflection
 T - an uncursed amulet of rage
 V - a ring of resist corrosion (left hand)
 W - an uncursed amulet of magic regeneration
Wands
 M - a wand of paralysis (0/24)
 N - a wand of teleportation (1/9)
 U - a wand of lightning (7/15)
Scrolls
 e - 2 scrolls of immolation
 j - 4 scrolls of magic mapping
 k - 5 scrolls of remove curse
 o - a scroll of summoning {unknown}
 p - a scroll of fear
 v - 4 scrolls of amnesia
 x - a scroll of enchant weapon
 y - 9 scrolls of identify
 E - a scroll of recharging {unknown}
 G - 2 scrolls of random uselessness {unknown}
 H - 3 scrolls of teleportation {unknown}
 Y - a scroll of enchant armour
Potions
 b - 2 potions of brilliance
 g - 2 potions of haste
 h - 2 potions of flight
 l - a potion of invisibility
 t - 4 potions of curing
 B - a potion of cancellation
 C - 2 potions of berserk rage {unknown}
 F - a potion of magic
 I - 3 potions of lignification
Books
 a - the Volume of Hexes and Venom
   (You found it on level 1 of the Lair of Beasts)

   Spells                             Type                      Level
   a - Confusing Touch                Hexes                        1
   b - Ignite Poison                  Fire/Transmutation/Poison    3
   c - Spectral Weapon                Hexes/Charms                 3
   d - Spider Form                    Transmutation/Poison         3
   e - Olgreb's Toxic Radiance        Poison                       4
   f - Darkness                       Hexes                        6
 i - a book of Cantrips

   Spells                             Type                      Level
   a - Confusing Touch                Hexes                        1
   b - Animate Skeleton               Necromancy                   1
   c - Summon Small Mammal            Summoning                    1
   d - Apportation                    Translocation                1
 L - a book of Cantrips

   Spells                             Type                      Level
   a - Confusing Touch                Hexes                        1
   b - Animate Skeleton               Necromancy                   1
   c - Summon Small Mammal            Summoning                    1
   d - Apportation                    Translocation                1
Comestibles
 f - 10 bread rations
 s - 10 meat rations
 w - a chunk of flesh
 A - 4 beef jerkies
 P - 3 fruits
 Q - a slice of pizza
 X - a royal jelly


   Skills:
 + Level 7.1 Fighting
 + Level 10.2(11.3) Short Blades
 + Level 7.1(9.0) Long Blades
 + Level 7.9 Armour
 + Level 3.8 Dodging
 + Level 2.0 Stealth
 + Level 11.3 Shields
 + Level 0.7 Invocations


You had 11 spell levels left.
You didn't know any spells.

Dungeon Overview and Level Annotations

Branches:
Dungeon (10/15)            Temple (1/1) D:5            Lair (2/6) D:9
  Swamp: Lair:2-4    Shoals: Lair:2-4     Snake: Lair:2-4    Spider: Lair:2-4
    Orc: D:9-12

Altars:
Ashenzari
Cheibriados
Dithmenos
Elyvilon
Fedhas
Gozag
Hepliaklqana
Kikubaaqudgha
Makhleb
Nemelex Xobeh
Okawaru
Qazlal
Ru
Sif Muna
Trog
Uskayaw
Vehumet
Xom
Yredelemnul
Zin
The Shining One

Shops:
D:5 ::(   D:6 }!=[?


Innate Abilities, Weirdness & Mutations

You are small and have problems with some larger weapons.
You are somewhat resistant to further mutation.
You are robust. (+10% HP)


Message History

The eight-headed hydra grows two more!
You slice the ten-headed hydra!!
The ten-headed hydra is severely wounded.
You block the ten-headed hydra's attack. x2
The ten-headed hydra bites you!
The ten-headed hydra closely misses you.
The ten-headed hydra bites you but does no damage.
You block the ten-headed hydra's attack.
The ten-headed hydra barely misses you. The ten-headed hydra bites you.
The ten-headed hydra bites you!
* * * LOW HITPOINT WARNING * * *
The ten-headed hydra closely misses you.
You lop one of the ten-headed hydra's heads off!
The nine-headed hydra grows two more!
You slice the 11-headed hydra!!
The 11-headed hydra is almost dead.
The 11-headed hydra bites you.
* * * LOW HITPOINT WARNING * * *
The 11-headed hydra bites you!
* * * LOW HITPOINT WARNING * * *
The 11-headed hydra bites you!
You die...

##..#..............##.####..##
##...#.......................P#
#.#..P.......#.....P###P......#
##...........#...#### ##.......
##..#.......+...# ##...#.P#
#.....#...P.....## #........
#P...............# ##...#...
#................# #.......
#...........D@...# #.......
##...............######....P.#
#............................
##.P#####.#####P.#.P.########
#P## #P.# ######.# ### ## ###


You could see a 11-headed hydra.

Vanquished Creatures
  Harold (Lair:1)
  A centaur warrior (D:9)
  2 spiny frogs (Lair:1)
  A troll (D:9)
  Grinder (D:6)
  2 polar bears (Lair:1)
  Prince Ribbit (D:9)
  2 hippogriffs
  A wyvern (Lair:2)
  A spriggan (D:8)
  4 basilisks (D:9)
  14 yaks (D:9)
  4 porcupines
  5 sky beasts
  A necrophage (D:6)
  3 ogres
  2 orc warriors
  2 phantoms
  6 wolves (Lair:2)
  A centaur (D:8)
  5 crocodiles
  A big kobold (D:9)
  8 bullfrogs
  A scorpion (D:6)
  3 wights (D:9)
  An electric eel (Lair:1)
  A crimson imp (D:6)
  A centaur zombie (D:7)
  A quasit (D:8)
  6 orc priests
  2 bullfrog skeletons
  3 hounds
  3 iron imps (D:4)
  5 orc wizards
  2 iguanas
  Jessica (D:2)
  Ijyb (D:2)
  12 worker ants
  A killer bee zombie (D:8)
  2 hound skeletons
  A hound zombie (D:9)
  2 worker ant zombies
  Robin (D:2)
  10 adders
  7 river rats
  2 shadow imps
  2 oozes
  A worm (D:5)
  2 dart slugs
  5 leopard geckos
  19 orcs
  13 ball pythons
  9 bats
  8 giant cockroaches
  2 gnoll zombies (D:8)
  12 goblins
  9 hobgoblins
  7 jackals
  9 kobolds
  2 quokkas (D:8)
  4 frilled lizards
  A quokka skeleton (D:6)
  30 rats
273 creatures vanquished.

Vanquished Creatures (others)
  A centaur (D:9)
  A fungus (D:9)
2 creatures vanquished.

Grand Total: 275 creatures vanquished

Notes
Turn   | Place    | Note
-------+----------+-------------------------------------------
     0 | D:1      | Macro the Halfling Fighter began the quest for the Orb.
     0 | D:1      | Reached XP level 1. HP: 15/15 MP: 1/1
    76 | D:1      | Reached XP level 2. HP: 11/20 MP: 2/2
   524 | D:2      | Noticed Jessica
   525 | D:2      | Reached XP level 3. HP: 22/25 MP: 1/3
   572 | D:2      | Killed Jessica
   572 | D:2      | Reached skill level 4 in Shields
   572 | D:2      | Reached XP level 4. HP: 24/31 MP: 4/4
   606 | D:2      | Noticed Robin
  1183 | D:2      | Killed Robin
  1185 | D:2      | Got a spiked helmet
  1195 | D:2      | Identified the +1 helmet "Ixunonen" {Regen+} (You took it off Robin on level 2 of the Dungeon)
  1211 | D:2      | Noticed Ijyb
  1230 | D:2      | Killed Ijyb
  1230 | D:2      | Reached XP level 5. HP: 36/36 MP: 5/5
  1425 | D:3      | Found an iron altar of Okawaru.
  2141 | D:4      | Reached XP level 6. HP: 38/42 MP: 4/6
  2177 | D:4      | Found a glowing drain.
  2249 | Sewer    | Entered a sewer
  2273 | Sewer    | Reached skill level 1 in Dodging
  2379 | Sewer    | Reached skill level 5 in Shields
  2672 | Sewer    | Reached XP level 7. HP: 41/46 MP: 7/7
  2708 | Sewer    | Reached skill level 5 in Short Blades
  2818 | D:4      | Found a burning altar of Makhleb.
  2870 | D:4      | Became a worshipper of Makhleb the Destroyer
  3243 | D:5      | Entered Level 5 of the Dungeon
  3244 | D:5      | You fall through a shaft!
  3253 | D:6      | Reached XP level 8. HP: 54/54 MP: 8/8
  3360 | D:5      | Found Yddoceq's Book Shoppe.
  3460 | D:5      | Reached skill level 6 in Shields
  3517 | D:5      | Found a staircase to the Ecumenical Temple.
  3527 | Temple   | Entered the Ecumenical Temple
  3822 | D:5      | Got a translucent whip
  3825 | D:5      | Identified the +9 whip "Muceatao" {antimagic, Fragile rN++} (You found it on level 5 of the Dungeon)
  3834 | D:5      | Found Bumoy's Book Shop.
  3879 | D:5      | Found Seab Led's Weapon Boutique.
  3927 | D:5      | Found a hazy altar of Hepliaklqana.
  4055 | D:5      | Reached skill level 5 in Armour
  4271 | D:5      | Found a sparkling altar of Nemelex Xobeh.
  4612 | D:6      | Found Bigiumeprod's Antique Armour Boutique.
  4623 | D:6      | Found Qoejoo's Jewellery Boutique.
  4801 | D:6      | Reached XP level 9. HP: 35/59 MP: 9/9
  4901 | D:6      | Reached skill level 7 in Shields
  5006 | D:6      | Noticed Grinder
  5025 | D:6      | Killed Grinder
  5025 | D:6      | Reached * piety under Makhleb
  5125 | D:6      | Found Qorraen's Magic Scroll Boutique.
  5186 | D:6      | Found Metacw's Distillery.
  5189 | D:6      | Bought a potion of heal wounds for 55 gold pieces
  5203 | D:6      | Found Ocyth's Gadget Boutique.
  5456 | D:6      | Gained mutation: You are weak. (Str -2) [mutagenic meat]
  5861 | D:7      | Reached skill level 5 in Fighting
  6592 | D:7      | Lost mutation: You are weak. (Str -2) [potion of cure mutation]
  6593 | D:7      | Gained mutation: You are robust. (+10% HP) [potion of mutation]
  6692 | D:8      | Got a polished whip
  6701 | D:8      | Reached skill level 1 in Stealth
  6731 | D:8      | Reached skill level 8 in Shields
  6997 | D:8      | Reached skill level 1 in Long Blades
  7192 | D:8      | Noticed a hippogriff
  7214 | D:8      | Killed a hippogriff
  7214 | D:8      | Reached XP level 10. HP: 48/72 MP: 10/10
  7565 | D:8      | Found a basalt altar of Yredelemnul.
  7665 | D:9      | Reached ** piety under Makhleb
  7676 | D:9      | Reached skill level 9 in Shields
  8039 | D:9      | Noticed a centaur warrior
  8155 | D:9      | Killed a centaur warrior
  8329 | D:9      | Reached skill level 10 in Short Blades
  8366 | D:9      | Reached XP level 11. HP: 54/79 MP: 11/11
  8395 | D:9      | Reached skill level 10 in Shields
  8448 | D:9      | Found a staircase to the Lair.
  8512 | D:9      | Reached skill level 5 in Long Blades
  8530 | D:9      | Reached *** piety under Makhleb
  8641 | D:9      | Found an ancient bone altar of Kikubaaqudgha.
  8641 | D:9      | Found a hide-covered altar of Uskayaw.
  8661 | Lair:1   | Entered Level 1 of the Lair of Beasts
  8712 | Lair:1   | Noticed Harold
  8747 | Lair:1   | HP: 3/81 [Harold/scimitar (5)]
  8750 | Lair:1   | Killed Harold
  9424 | Lair:1   | Identified the Volume of Hexes and Venom
  9888 | Lair:2   | Noticed a seven-headed hydra
 10090 | D:10     | Entered Level 10 of the Dungeon
 10128 | D:9      | Reached skill level 11 in Shields
 10272 | D:9      | Noticed Prince Ribbit
 10298 | D:9      | Killed Prince Ribbit
 10950 | Lair:2   | Reached XP level 12. HP: 89/89 MP: 12/12
 11082 | Lair:2   | Noticed a five-headed hydra
 11096 | Lair:2   | Slain by an 11-headed hydra

Skill      XL: |  1  2  3  4  5  6  7  8  9 10 11 |
---------------+----------------------------------+-----
Fighting       | 3 4 5 6 7 |  7.1
Short Blades   | 3 4 6 7 9 10 | 10.2
Shields        | 4 5 6 8 9 11 | 11.3
Armour         | 4 5 6 7 |  7.9
Dodging        | 1 2 3 |  3.8
Stealth        | 1 2 |  2.0
Long Blades    | 2 3 7 |  7.1
Invocations    | |  0.7

Action                   |  1- 3 |  4- 6 |  7- 9 | 10-12 || total
-------------------------+-------+-------+-------+-------++-------
Melee: Rapier            |    82 |   345 |   528 |       ||   955
       Long sword        |       |       |    85 |   571 ||   656
       Dagger            |       |       |       |   329 ||   329
Invok: Minor Destruction |       |       |       |     5 ||     5
Evoke: Wand              |       |       |       |     4 ||     4
  Use: Potion            |       |     4 |    14 |     3 ||    21
       Scroll            |       |       |     3 |     9 ||    12
 Stab: Paralysed         |       |       |       |    14 ||    14
  Eat: Chunk             |       |     7 |    13 |    11 ||    31
       Bread ration      |       |       |     1 |     1 ||     2
Armor: Scale mail        |    23 |   157 |       |       ||   180
       Chain mail        |       |    32 |   188 |     7 ||   227
       Plate armour      |       |       |       |   344 ||   344
Dodge: Dodged            |    26 |   164 |   107 |   167 ||   464
Block: Shield            |    45 |   269 |   347 |   649 ||  1310
       Reflection        |       |       |     1 |    11 ||    12
       Rpst.: Long sword |       |       |     2 |    27 ||    29
